[Event "ICC tourney 1921 (15 5)"]
[Site "Internet Chess Club"]
[Date "2020.07.17"]
[Round "7"]
[White "Knightboy123"]
[Black "piplup0621"]
[Result "0-1"]
[ICCResult "White checkmated"]
[WhiteElo "1403"]
[BlackElo "1372"]
[Opening "Caro-Kann: Tartakower (Nimzovich) variation"]
[ECO "B15"]
[NIC "CK.06"]
[Time "18:10:58"]
[TimeControl "900+5"]

1. e4 c6 2. d4 d5 3. Nc3 dxe4 4. Nxe4 Nf6 5. Nxf6+ exf6 6. Nf3 Bd6 7. c3 O-O
8. Be2 Re8 9. O-O Nd7 10. Be3 Nf8 11. Qc2 Be6 12. Bd3 Qd7 13. Rfe1 Rad8 14.
a3 Bb8 15. h3 Qc7 16. c4 Ng6 17. Bxg6 hxg6 18. b3 g5 19. g4 Qd7 20. Nh2 g6
21. f3 Kg7 22. Kg2 Rh8 23. Nf1 Qd6 24. Bf2 f5 25. Qc3 f6 26. b4 fxg4 27.
fxg4 b5 28. Bg3 Qd7 29. Bxb8 Rxb8 30. c5 Bd5+ 31. Kg1 Rbe8 32. Re3 Rxe3 33.
Qxe3 Re8 34. Qf2 Qe6 35. Qg3 Re7 36. Rb1 Qe4 37. Rd1 Qe2 38. Rd2 Qe4 39. Rd1
Qh1+ 40. Kf2 Kf7 41. Ne3 Qe4 42. Nf1 Bc4 43. Kg1 Qe2 44. Ra1 Kg7 45. Qf2 Qe4
46. Rd1 Be2 47. Re1 Qd3 48. Kg2 Bf3+ 49. Kg1 Rxe1 50. Qxe1 Be4 51. Qe3 Qb1
52. Kf2 Qb2+ 53. Nd2 Bd5 54. Qe7+ Bf7 55. Qe3 Qc2 56. Ke2 Bc4+ 57. Kf2 Qd1
58. Qe7+ Kh6 59. Qf8+ Kh7 60. Qe7+ Kg8 61. Qe8+ Kg7 62. Qe7+ Bf7 63. Qe3 Qh1
64. Qf3 Qh2+ 65. Ke3 Qg1+ 66. Qf2 Qc1 67. Ke2 Bc4+ 68. Kf3 Bd5+ 69. Ke2 Qxa3
70. Qe3 Qxb4 71. Qe7+ Bf7 72. Ne4 Qxd4 73. Nd6 Qe5+ 74. Qxe5 fxe5 75. Ne4
Bd5 76. Nxg5 a5 77. Kd2 a4 78. Kc2 b4 79. Kb2 a3+ 80. Ka1 e4 81. h4 e3 82.
h5 e2 83. h6+ Kxh6 84. Nf7+ Bxf7 85. g5+ Kxg5 86. Kb1 Bb3 87. Kc1 Kf4 88.
Kd2 Kf3 89. Ke1 a2 90. Kd2 g5 91. Kd3 g4 92. Kd2 g3 93. Kd3 g2 94. Kd2 g1=Q
95. Kd3 a1=Q 96. Kd2 e1=Q+ 97. Kd3 Qgf1# {White checkmated} 0-1